AoeStats
← Jazzmushroom

Arena

508795474Analyzed
4v4 RM · 9d ago on Sep 24, 2026· 40m 18s· 8 players
Game mode
Random Map
Map size
Large (8 player)
Population
200
Speed
Normal
Resources
Standard
Victory
Conquest
Starting age
Dark Age
Ending age
Imperial Age
RankedLock teamsTeams togetherTeam positionsShared explorationLock speedFull tech treeHidden civsTurbo modeCheats
Victory
Defeat
🇦🇷 Mongols · Argentina
1363
+14
🇺🇸 Danes · United States
1311
+16
1303
+17
🇦🇷 Teutons · Argentina
1281
+18
🇲🇽 Hindustanis · Mexico
1374
-18
🇲🇽 Aztecs · Mexico
1353
-18
🇲🇽 Burmese · Mexico
1308
-16
🇲🇽 Persians · Mexico
1250
-13
Jazzmushroom
10:55 Feudal Age
12:23 Double-Bit Axe
15:08 Castle Age
12:51 Horse Collar
18:38 Wheelbarrow
19:39 Bow Saw
19:52 Heavy Plow
22:29 Loom
22:40 Gold Mining
24:38 Gold Shaft Mining
24:45 Hand Cart
24:16 Town Watch
24:30 Stone Mining
27:20 Stone Shaft Mining
29:27 Imperial Age
27:14 Forging
28:06 Squires
27:53 Gambesons
27:56 Arson
29:09 Iron Casting
28:36 Scale Mail Armor
29:30 Chain Mail Armor
29:24 Fletching
31:13 Plate Mail Armor
31:23 Conscription
30:28 Hamask
32:30 Blast Furnace
31:33 Elite Varangian Guard
36:48 Onager
38:33 Elite Jomsviking
pabloescobaralfaro.26
11:13 Feudal Age
15:00 Castle Age
13:18 Double-Bit Axe
16:08 Bow Saw
15:40 Horse Collar
16:03 Gold Mining
25:30 Imperial Age
27:15 Chemistry
30:12 Arquebus
32:53 Forging
33:08 Padded Archer Armor
34:47 Conscription
34:48 Heavy Plow
36:17 Leather Archer Armor
38:18 Wheelbarrow
Haniek!!
6:26 Loom
8:51 Feudal Age
9:50 Double-Bit Axe
10:39 Fletching
26:55 Castle Age
26:52 Horse Collar
28:17 Scale Mail Armor
28:27 Forging
35:09 Wheelbarrow
35:15 Chain Mail Armor
37:02 Iron Casting
37:04 Ironclad
Skavio22
11:11 Feudal Age
15:13 Castle Age
14:53 Double-Bit Axe
14:49 Horse Collar
16:14 Bow Saw
22:40 Loom
23:36 Wheelbarrow
22:49 Town Watch
23:20 Bloodlines
23:51 Gold Mining
25:08 Hand Cart
25:16 Forging
25:42 Husbandry
26:31 Scale Barding Armor
27:07 Stone Mining
27:54 Gold Shaft Mining
27:48 Town Patrol
31:42 Imperial Age
29:43 Fletching
30:19 Padded Archer Armor
31:23 Bodkin Arrow
32:16 Ballistics
32:14 Leather Archer Armor
32:52 Conscription
31:58 Capped Ram
33:06 Bracer
34:13 Chemistry
33:56 Drill
33:08 Siege Ram
34:22 Chain Barding Armor
34:39 Elite Mangudai
34:58 Light Cavalry
36:34 Parthian Tactics
40:41 Iron Casting
WhiteKnightT23
10:19 Feudal Age
14:30 Castle Age
14:59 Loom
15:28 Horse Collar
26:52 Imperial Age
26:43 Wheelbarrow
26:44 Gold Mining
27:39 Stone Mining
28:25 Gold Shaft Mining
28:13 Capped Ram
34:09 Scale Barding Armor
34:31 Heavy Plow
37:20 Bloodlines
37:11 Husbandry
37:30 Light Cavalry
Twitch.tv/WES_XL
9:59 Feudal Age
13:57 Castle Age
11:53 Double-Bit Axe
12:32 Horse Collar
14:55 Bow Saw
17:56 Loom
25:21 Scale Barding Armor
25:27 Forging
25:19 Husbandry
25:31 Bloodlines
28:18 Imperial Age
26:15 Gold Mining
27:37 Chain Barding Armor
28:38 Gold Shaft Mining
29:54 Plate Barding Armor
28:52 Heavy Camel Rider
31:09 Wheelbarrow
30:36 Heavy Plow
31:24 Iron Casting
33:43 Blast Furnace
34:34 Chemistry
33:57 Hand Cart
33:57 Padded Archer Armor
34:47 Town Watch
34:32 Cavalier
35:41 Conscription
37:38 Leather Archer Armor
Rosse SinClan
7:16 Loom
10:17 Feudal Age
14:09 Castle Age
14:56 Double-Bit Axe
16:08 Coinage
21:39 Horse Collar
24:54 Bow Saw
26:42 Padded Archer Armor
28:03 Leather Archer Armor
30:35 Imperial Age
29:43 Wheelbarrow
32:16 Chemistry
31:59 Ring Archer Armor
33:38 Gold Mining
33:38 Stone Mining
PROFE SIN CLAN
8:16 Loom
10:45 Feudal Age
16:41 Scale Mail Armor
18:53 Forging
19:36 Arson
26:32 Castle Age
24:40 Gold Mining
24:52 Double-Bit Axe
24:49 Horse Collar
26:46 Pikeman
27:34 Squires
Connection lost

Rejoining the realm…

Still unreachable

The connection could not be restored.

Session expired

The server has moved on; the page needs a fresh start.